 Dungeon Crawl Stone Soup version bcrawl-1.22 (webtiles) character file.

Game seed: 1555271073414862222

34 funkygono the Magician (level 3, 0/19 HPs)
             Began as an Avariel Wizard on May 12, 2020.
             Slain by a worm (4 damage)
             ... on level 1 of the Dungeon.
             The game lasted 00:02:28 (1179 turns).

funkygono the Magician (Avariel Wizard)             Turns: 1179, Time: 00:02:29

Health: 0/19       AC:  7    Str:  5    XL:     3   Next: 31%
Magic:  0/11       EV: 12    Int: 24    God:
Gold:   20         SH:  0    Dex: 11    Spells: 5/12 levels left

rFire    . . .     SeeInvis .   a - +0 staff
rCold    . . .     Gourm    .   (no shield)
rNeg     . . .     Faith    .   b - +0 robe
rPois    .         Spirit   .   l - +2 helmet
rElec    .         Reflect  .   (no cloak)
rCorr    .         Harm     .   (no gloves)
MR       .....                  h - +1 pair of boots
Stlth    ++........             (no amulet)
HPRegen  0.06/turn              (no ring)
MPRegen  0.12/turn              (no ring)

@: very slightly contaminated
A: no striking features
a: no special abilities


You were on level 1 of the Dungeon.
You were not hungry.

You visited 1 branch of the dungeon, and saw 1 of its levels.

You collected 20 gold pieces.

Inventory:

Hand Weapons
 a - a +0 staff (weapon)
 d - a +0 short sword
Missiles
 k - 85 stones (quivered)
Armour
 b - a +0 robe (worn)
 c - a +0 hat
 h - a +1 pair of boots (worn)
 l - a +2 helmet (worn)
Jewellery
 g - an uncursed ring of stealth {unknown}
Scrolls
 i - a scroll of identify {unknown}
Potions
 f - 2 potions of brilliance
 j - a potion of invisibility {unknown}
Comestibles
 e - 3 rations {!d}


   Skills:
 + Level 0.1 Staves
 + Level 2.3 Dodging
 + Level 2.3 Stealth
 + Level 5.3 Spellcasting
 + Level 1.4 Conjurations
   Level 1.2 Summonings
   Level 0.8 Translocations


You had 5 spell levels left.
You knew the following spells:

 Your Spells              Type           Power        Failure   Level  Hunger
a - Magic Dart            Conj           ##..         4%          1    None
b - Conjure Flame         Conj/Fire      #.......     19%         3    ##.....
c - Mephitic Cloud        Conj/Pois/Air  #.......     22%         3    ##.....

Your spell library contained the following spells:

 Spells                   Type           Power        Failure   Level  Hunger
 Call Imp                 Summ           ##....       8%          2    None
 Blink                    Tloc           N/A          9%          2    None
 Spider Form              Tmut/Pois      #..          26%         3    ##.....


Dungeon Overview and Level Annotations

Branches:
Dungeon (1/12)

Altars:


Message History

The worm bites you.
You hit the worm but do no damage.
The worm is severely wounded.
The worm barely misses you.
Casting: Magic Dart (safe; 4% risk of failure)
Confirm with . or Enter, or press ? or * to list all spells.
Aiming: Magic Dart (safe; 4% risk of failure)
Press: ? - help, Shift-Dir - straight line, f/p - worm
Aim: a worm (severely wounded)
You miscast Magic Dart.
You are very lightly contaminated with residual magic.
Your skin glows momentarily.
You hit the worm but do no damage.
The worm is severely wounded.
The worm bites you.
* * * LOW HITPOINT WARNING * * *
You barely miss the worm.
The worm is severely wounded.
The worm bites you.
You die...

### #######.# ......w@#
.....##.###############
####.#................##
########## #.#..#############.#.
.........# #.#..# #####.#.
########.# #.#..# #.......
.........####.#..# #.#.....
...............>.#########.#.....
#.............#..............#...


You could see a worm.

Vanquished Creatures
  A worm (D:1)
  2 dart slugs (D:1)
  A leopard gecko (D:1)
  3 bats (D:1)
  A giant cockroach (D:1)
  3 goblins (D:1)
  2 hobgoblins (D:1)
  A jackal (D:1)
  6 kobolds (D:1)
  A ball python (D:1)
  3 frilled lizards (D:1)
  2 rats (D:1)
26 creatures vanquished.

Notes
Turn   | Place    | Note
-------+----------+-------------------------------------------
     0 | D:1      | funkygono the Avariel Wizard began the quest for the Orb.
     0 | D:1      | Reached XP level 1. HP: 10/10 MP: 7/7
   186 | D:1      | Reached XP level 2. HP: 15/15 MP: 5/9
   590 | D:1      | Reached skill level 5 in Spellcasting
   629 | D:1      | Reached XP level 3. HP: 2/19 MP: 5/11
  1023 | D:1      | Learned a level 3 spell: Conjure Flame
  1027 | D:1      | Learned a level 3 spell: Mephitic Cloud
  1179 | D:1      | Slain by a worm

Skill      XL: |  1  2 |
---------------+-------+-----
Spellcasting   | 5 |  5.3
Staves         | |  0.1
Dodging        | |  2.3
Stealth        | |  2.3
Conjurations   | |  1.4
Summonings     | |  1.2
Translocations | |  0.8

Action                   || total
-------------------------++-------
Melee: Staff             ||    27
 Cast: Magic Dart        ||    65
       Conjure Flame     ||     1
       Mephitic Cloud    ||     1
 Stab: Sleeping          ||     1
  Eat: Chunk             ||     1
Armor: Robe              ||     7
Dodge: Dodged            ||    15
